 Dungeon Crawl Stone Soup version 0.20.0-15-g7f486f2 (webtiles) character file.

342 Omegatherion the Slasher (level 6, 0/48 HPs)
             Began as a Human Fighter on June 29, 2017.
             Succumbed to a scorpion's poison
             ... on level 4 of the Dungeon.
             The game lasted 00:04:25 (2925 turns).

Omegatherion the Slasher (Human Fighter)            Turns: 2925, Time: 00:04:25

Health: 0/48       AC:  7    Str: 17    XL:     6   Next: 88%
Magic:  6/6        EV:  8    Int:  8    God:
Gold:   145        SH:  9    Dex: 14    Spells: 5/5 levels left

rFire    . . .     SeeInvis .   a - +0 long sword
rCold    . . .     Gourm    .   c - +0 shield
rNeg     . . .     Faith    .   b - +0 scale mail
rPois    .         Spirit   .   (no helmet)
rElec    .         Reflect  .   (no cloak)
rCorr    .         Harm     .   (no gloves)
MR       .....                  (no boots)
Stlth    ..........             (no amulet)
Regen    0.2/turn               (no ring)
MPRegen  0.1/turn               (no ring)

@: lethally poisoned (0 -> -7)
A: no striking features
a: no special abilities


You were on level 4 of the Dungeon.
You were not hungry.

You visited 1 branch of the dungeon, and saw 4 of its levels.

You collected 145 gold pieces.

Inventory:

Hand Weapons
 a - a +0 long sword (weapon)
 p - a cursed -2 flail
Missiles
 e - 7 tomahawks (quivered)
Armour
 b - a +0 scale mail (worn)
 c - a +0 shield (worn)
Jewellery
 s - a cursed -3 ring of protection {unknown}
Wands
 k - a wand of random effects (28/48)
Scrolls
 h - a scroll of random uselessness {unknown}
 j - 9 scrolls of identify {unknown}
 r - a scroll of teleportation {unknown}
 t - a scroll of fear {unknown}
 u - a scroll of fog {unknown}
 w - a scroll of amnesia {unknown}
 x - a scroll of enchant weapon {unknown}
Potions
 d - a potion of might
 i - a potion of heal wounds
 l - a potion of resistance
 m - a potion of curing {unknown}
 o - 2 potions of lignification {unknown}
 v - a potion of agility {unknown}
 A - a potion of magic {unknown}
Comestibles
 f - 5 bread rations
 g - 3 fruits
 n - a royal jelly
 q - a meat ration


   Skills:
 + Level 3.9 Fighting
 + Level 4.4 Long Blades
 + Level 4.2 Armour
 * Level 2.8 Dodging
 + Level 0.4 Stealth
 - Level 3.0 Shields


You had 5 spell levels left.
You didn't know any spells.

Dungeon Overview and Level Annotations

Branches:
Dungeon (4/15)
 Temple: D:4-7

Altars:


Message History

The scorpion is severely wounded.
You feel sick. The scorpion stings you.
* * * LOW HITPOINT WARNING * * *
Your shield and scale mail prevent you from hitting the scorpion.
The scorpion is severely wounded.
The scorpion stings you.
* * * LOW HITPOINT WARNING * * *
You are more poisoned.
The scorpion poisons you!
You slash the scorpion!
You kill the scorpion!
* * * LOW HITPOINT WARNING * * *
You feel sick.
* * * LOW HITPOINT WARNING * * *
You feel sick.
You see here a scorpion corpse.
* * * LOW HITPOINT WARNING * * *
You feel sick.
Found a stone staircase leading down.
You die...

...........
..>.......
#........#.
##..........
#.........#
#.....#..#
#.......#
##...@..#
#.......#
##...%†..#####
####
#.............
....
##.............
...#
#.........####.
.#........##
..........##
...........#


There were no monsters in sight!

Vanquished Creatures
  A scorpion (D:4)
  2 orc wizards (D:4)
  A worker ant (D:4)
  Terence (D:2)
  A hound skeleton (D:4)
  A worker ant zombie (D:3)
  7 adders
  A river rat (D:4)
  2 oozes
  3 dart slugs
  3 leopard geckos
  5 orcs
  A ball python (D:2)
  3 bats
  6 giant cockroaches
  7 goblins
  6 hobgoblins
  8 jackals
  2 quokkas
  A frilled lizard (D:2)
  10 kobolds
  10 rats
82 creatures vanquished.

Notes
Turn   | Place    | Note
-------+----------+-------------------------------------------
     0 | D:1      | Omegatherion the Human Fighter began the quest for the Orb.
     0 | D:1      | Reached XP level 1. HP: 18/18 MP: 1/1
   129 | D:1      | Reached XP level 2. HP: 21/24 MP: 2/2
   385 | D:1      | Reached XP level 3. HP: 22/29 MP: 3/3
   760 | D:2      | Reached XP level 4. HP: 24/35 MP: 4/4
   795 | D:2      | Noticed Terence
   797 | D:2      | Reached skill level 1 in Dodging
   805 | D:2      | Killed Terence
  1198 | D:2      | Reached XP level 5. HP: 26/41 MP: 5/5
  2658 | D:4      | Reached XP level 6. HP: 34/48 MP: 6/6
  2922 | D:4      | HP: 2/48 [poisoned by a scorpion]
  2925 | D:4      | Succumbed to a scorpion's poison

Skill      XL: |  1  2  3  4  5  6 |
---------------+-------------------+-----
Dodging        | 1 2 |  2.8
Long Blades    | 3 4 |  4.4
Armour         | 4 |  4.2
Fighting       | |  3.9
Stealth        | |  0.4
Shields        | |  3.0

Action                   |  1- 3 |  4- 6 || total
-------------------------+-------+-------++-------
Melee: Long sword        |   102 |   250 ||   352
  Use: Potion            |     1 |     1 ||     2
  Eat: Chunk             |       |     7 ||     7
Armor: Scale mail        |    55 |   142 ||   197
Dodge: Dodged            |    31 |   121 ||   152
Block: Shield            |    65 |   161 ||   226
       Rpst.: Long sword |     9 |    32 ||    41
